 Dungeon Crawl Stone Soup version 0.21.1-1-g345015f (webtiles) character file.

46 letownia2 the Conjurer (level 3, -1/19 HPs)
             Began as a Tengu Wizard on Mar 6, 2018.
             Slain by an orc
             ... wielding a +0 trident
              (4 damage)
             ... on level 3 of the Dungeon.
             The game lasted 00:02:39 (485 turns).

letownia2 the Conjurer (Tengu Wizard)                Turns: 485, Time: 00:02:40

Health: -1/19      AC:  6    Str:  7    XL:     3   Next: 68%
Magic:  3/8        EV: 11    Int: 19    God:
Gold:   41         SH:  0    Dex: 12    Spells: 2/8 levels left

rFire    . . .     SeeInvis .   k - +1 short sword (venom)
rCold    . . .     Gourm    .   (no shield)
rNeg     . . .     Faith    .   l - +3 leather armour
rPois    .         Spirit   .   b - +0 hat
rElec    .         Reflect  .   (no cloak)
rCorr    .         Harm     .   (no gloves)
MR       .....                  (boots unavailable)
Stlth    ++........             (no amulet)
HPRegen  0.06/turn              (no ring)
MPRegen  0.11/turn              (no ring)

@: very slightly contaminated
A: beak, talons 3
a: no special abilities


You were on level 3 of the Dungeon.
You were not hungry.

You visited 1 branch of the dungeon, and saw 3 of its levels.

You collected 41 gold pieces.

Inventory:

Hand Weapons
 k - a +1 short sword of venom (weapon)
Armour
 b - a +0 hat (worn)
 i - a +0 scale mail
 l - a +3 leather armour (worn)
Scrolls
 a - a scroll of teleportation {unknown}
 e - a scroll of remove curse {unknown}
 f - a scroll of fear {unknown}
 g - 2 scrolls of magic mapping {unknown}
 j - a scroll of enchant weapon {unknown}
Potions
 m - a potion of heal wounds {unknown}
Books
 c - a book of Minor Magic

   Spells                             Type                      Level
   a - Magic Dart                     Conjuration                  1
   b - Blink                          Translocation                2
   c - Call Imp                       Summoning                    2
   d - Slow                           Hexes                        2
   e - Conjure Flame                  Conjuration/Fire             3
   f - Mephitic Cloud                 Conjuration/Poison/Air       3
Comestibles
 d - a ration
 h - 2 chunks of flesh


   Skills:
 - Level 2.1 Dodging
 - Level 2.0 Stealth
 - Level 3.0 Spellcasting
 + Level 4.3 Conjurations
 - Level 1.2 Summonings
   Level 0.7 Translocations
 * Level 1.2 Air Magic


You had 2 spell levels left.
You knew the following spells:

 Your Spells              Type           Power        Failure   Level  Hunger
a - Magic Dart            Conj           ###.         3%          1    None
e - Mephitic Cloud        Conj/Pois/Air  #.......     32%         3    ###....
i - Call Imp              Summ           #.......     22%         2    ##.....


Dungeon Overview and Level Annotations

Branches:
Dungeon (3/15)

Altars:
Dithmenos
Trog

Annotations:
D:2 Sigmund


Innate Abilities, Weirdness & Mutations

You have a beak for a mouth.
You have claws for feet.


Message History

You miscast Mephitic Cloud.
You are very lightly contaminated with residual magic.
You are poisoned.
You feel sick. x2
Unknown command.
Unknown command.
You feel sick.
You feel sick.
You feel sick.
You feel sick.
You feel sick.
You feel sick.
You feel sick.
You feel sick.
You feel sick.
You feel sick.
You feel sick.
You are no longer poisoned.
The orc hits you from afar with a trident.
You die...

#...........†......).
#.....##[†...##.....#
##...###..#..###..###
#.#####...##..###..##..#
#.............###.....##
#######.####...#..#####
#.####......####
###.......<......#
#....@##...#####.# #
#.....##...#####. ..
#....o.#..........l
#......#o#.##.##.#
#.(....#.#......
.####......####.###
#.............)..#
...#####.#######.#
#.##..÷.#### #.#


You could see an orc.

Vanquished Creatures
  2 adders (D:3)
  A leopard gecko (D:1)
  2 orcs (D:3)
  A giant cockroach (D:1)
  3 goblins (D:1)
  2 hobgoblins (D:1)
  2 jackals (D:1)
  4 kobolds (D:1)
  3 bats (D:3)
  A frilled lizard (D:1)
  3 rats
24 creatures vanquished.

Notes
Turn   | Place    | Note
-------+----------+-------------------------------------------
     0 | D:1      | letownia2 the Tengu Wizard began the quest for the Orb.
     0 | D:1      | Reached XP level 1. HP: 10/10 MP: 5/5
    22 | D:2      | Reached skill level 2 in Conjurations
    23 | D:2      | Found a bloodstained altar of Trog.
    25 | D:2      | Noticed Sigmund
    84 | D:1      | Reached XP level 2. HP: 9/15 MP: 1/7
   136 | D:1      | Reached skill level 3 in Conjurations
   255 | D:1      | Learned a level 2 spell: Call Imp
   348 | D:3      | Found a shadowy altar of Dithmenos.
   361 | D:3      | Reached XP level 3. HP: 18/19 MP: 2/8
   366 | D:3      | Learned a level 3 spell: Mephitic Cloud
   397 | D:3      | Reached skill level 4 in Conjurations
   419 | D:3      | Reached skill level 1 in Air Magic
   485 | D:3      | Slain by an orc

Skill      XL: |  1  2  3 |
---------------+----------+-----
Conjurations   | 2 3 4 |  4.3
Air Magic      | 1 |  1.2
Dodging        | |  2.1
Stealth        | |  2.0
Spellcasting   | |  3.0
Summonings     | |  1.2
Translocations | |  0.7

Action                   || total
-------------------------++-------
Melee: Unarmed           ||     4
       Kick              ||     3
       Short sword       ||    23
       Peck              ||     1
 Cast: Magic Dart        ||    33
Armor: Leather armour    ||     4
       Robe              ||     2
Dodge: Dodged            ||    17
